General information
- name: BNet
- type: Ladder team game (AT/RT)
- host: Battle.net
- saver: nagr
map: TwilightRuins
- players: 8
- length: 64:59
- speed: Fast
- version: 1.27 W3XP
- replay type: Public
» download(369 KB)
Players
team 1 (loser)
ancientsHadNoTP (
blue | 31 APM | 2015 actions | 64:59)
5 Keeper of the Grove
3 Force of Nature
2 Entangling Roots
1 Priestess of the Moon
1 Trueshot Aura
1 Archmage
1 Summon Water Elemental
» actions
| Basic commands | 124 | |
| Build / train | 257 | |
| Enter build submenu | 73 | |
| Enter hero's abilities submenu | 7 | |
| Give item / drop item | 6 | |
| Remove unit from queue | 2 | |
| Right click | 687 | |
| Select / deselect | 713 | |
| Use ability | 146 | |
2015 total
» units
| Wisp | 11 | |
| Archer | 11 | |
| Goblin Shredder | 1 | |
| Meatwagon | 2 | |
| Acolyte | 188 | |
213 total
» upgrades
| Strength of the Moon | 3 | |
| Moon Armor | 2 | |
| Improved Bows | 1 | |
| Nature's Blessing | 1 | |
| Marksmanship | 1 | |
| Ultravision | 1 | |
9 total
» buildings
| Moon Well | 7 | |
| Altar of Elders | 2 | |
| Ancient of War | 3 | |
| Tree of Life | 3 | |
| Tree of Ages | 1 | |
| Hunter's Hall | 1 | |
| Tree of Eternity | 1 | |
| Necropolis | 46 | |
| Ziggurat | 4 | |
| Altar of Darkness | 1 | |
| Crypt | 6 | |
75 total
» build order
00:19 Moon Well
00:35 Altar of Elders
01:02 Moon Well
01:28 Ancient of War
02:07 Ancient of War
02:24 Moon Well
02:34 Ancient of War
03:40 Tree of Life
05:09 Tree of Ages
06:06 Hunter's Hall
07:40 Moon Well
09:44 Tree of Eternity
10:17 Moon Well
10:18 Moon Well
10:19 Moon Well
11:02 Tree of Life
15:42 Tree of Life
15:56 Altar of Elders
24:40 Necropolis
24:42 Necropolis
24:46 Necropolis
24:49 Ziggurat
24:51 Ziggurat
25:00 Ziggurat
25:01 Ziggurat
25:39 Altar of Darkness
26:54 Crypt
26:55 Crypt
26:56 Crypt
27:16 Necropolis
27:29 Necropolis
27:41 Necropolis
28:10 Necropolis
28:26 Necropolis
28:31 Necropolis
31:52 Necropolis
33:18 Necropolis
33:32 Necropolis
34:03 Necropolis
34:08 Necropolis
34:15 Necropolis
34:16 Necropolis
34:18 Necropolis
34:25 Necropolis
34:27 Necropolis
34:29 Necropolis
34:34 Necropolis
34:38 Necropolis
34:40 Necropolis
34:40 Necropolis
34:42 Necropolis
34:44 Necropolis
34:47 Necropolis
34:49 Necropolis
34:50 Necropolis
34:52 Necropolis
34:55 Necropolis
34:56 Necropolis
35:05 Necropolis
35:11 Necropolis
35:14 Necropolis
35:46 Necropolis
36:14 Necropolis
36:23 Necropolis
37:15 Crypt
37:17 Crypt
37:20 Crypt
37:24 Necropolis
37:30 Necropolis
37:32 Necropolis
37:36 Necropolis
37:39 Necropolis
37:41 Necropolis
39:01 Necropolis
39:02 Necropolis
» items
| Circlet of Nobility | 2 | |
| Boots of Speed | 2 | |
| Scroll of Healing | 1 | |
| Scroll of Protection | 1 | |
| Staff of Teleportation | 1 | |
| Dust of Appearance | 1 | |
| Potion of Mana | 3 | |
| Scroll of Town Portal | 3 | |
| Potion of Healing | 5 | |
| Orb of Corruption | 1 | |
20 total
nagr (
yellow | 157 APM | 10229 actions | 64:59)
11 Death Knight
3 Death Coil
3 Unholy Aura
2 Animate Dead
3 Death Pact
8 Lich
3 Frost Nova
3 Frost Armor
1 Death and Decay
1 Dark Ritual
» actions
| Assign group hotkey | 94 | |
| Basic commands | 353 | |
| Build / train | 253 | |
| ESC pressed | 306 | |
| Enter build submenu | 50 | |
| Enter hero's abilities submenu | 20 | |
| Give item / drop item | 24 | |
| Remove unit from queue | 9 | |
| Right click | 4108 | |
| Select / deselect | 1223 | |
| Select group hotkey | 3251 | |
| Use ability | 536 | |
10229 total
» units
| Acolyte | 27 | |
| Ghoul | 8 | |
| Crypt Fiend | 17 | |
| Goblin Shredder | 9 | |
| Meatwagon | 4 | |
| Obsidian Statue | 4 | |
| Abomination | 3 | |
72 total
» upgrades
| Creature Attack | 3 | |
| Creature Carapace | 3 | |
| Disease Cloud | 1 | |
| Destroyer Form | 1 | |
| Burrow | 1 | |
| Unholy Strength | 3 | |
| Ghoul Frenzy | 1 | |
| Web | 1 | |
| Unholy Armor | 3 | |
| Backpack | 1 | |
| Cannibalize | 1 | |
| Exhume Corpses | 1 | |
20 total
» buildings
| Graveyard | 1 | |
| Crypt | 1 | |
| Altar of Darkness | 1 | |
| Ziggurat | 24 | |
| Tomb of Relics | 4 | |
| Necropolis | 2 | |
| Halls of the Dead | 3 | |
| Nerubian Tower | 20 | |
| Spirit Tower | 43 | |
| Black Citadel | 5 | |
| Slaughterhouse | 3 | |
| Sacrificial Pit | 1 | |
108 total
» build order
00:09 Graveyard
00:11 Crypt
00:42 Altar of Darkness
00:57 Ziggurat
01:23 Tomb of Relics
02:10 Ziggurat
04:19 Necropolis
04:51 Ziggurat
04:54 Ziggurat
06:12 Halls of the Dead
06:13 Halls of the Dead
06:39 Nerubian Tower
06:39 Nerubian Tower
07:08 Ziggurat
08:03 Nerubian Tower
08:06 Ziggurat
08:07 Ziggurat
08:30 Spirit Tower
11:01 Black Citadel
11:01 Black Citadel
11:03 Slaughterhouse
11:05 Slaughterhouse
11:07 Sacrificial Pit
11:09 Spirit Tower
11:09 Spirit Tower
11:09 Spirit Tower
11:10 Spirit Tower
11:13 Tomb of Relics
11:47 Spirit Tower
11:47 Spirit Tower
12:22 Spirit Tower
12:22 Spirit Tower
13:26 Black Citadel
15:27 Slaughterhouse
16:00 Ziggurat
16:02 Ziggurat
17:33 Ziggurat
18:11 Spirit Tower
18:11 Spirit Tower
18:11 Spirit Tower
18:13 Ziggurat
18:17 Spirit Tower
18:17 Spirit Tower
18:18 Ziggurat
19:48 Nerubian Tower
19:48 Nerubian Tower
19:50 Spirit Tower
19:50 Spirit Tower
27:37 Ziggurat
27:38 Ziggurat
27:39 Ziggurat
28:44 Nerubian Tower
28:44 Nerubian Tower
28:46 Spirit Tower
28:47 Spirit Tower
28:47 Spirit Tower
28:47 Spirit Tower
29:07 Spirit Tower
29:07 Spirit Tower
29:08 Spirit Tower
29:08 Spirit Tower
31:08 Ziggurat
31:16 Ziggurat
31:17 Ziggurat
31:22 Ziggurat
32:04 Spirit Tower
32:04 Spirit Tower
32:12 Nerubian Tower
32:12 Nerubian Tower
32:12 Nerubian Tower
32:39 Spirit Tower
32:39 Spirit Tower
35:36 Spirit Tower
35:42 Ziggurat
35:43 Ziggurat
35:49 Ziggurat
42:37 Necropolis
46:04 Ziggurat
47:29 Nerubian Tower
47:29 Nerubian Tower
47:29 Nerubian Tower
47:30 Nerubian Tower
47:37 Ziggurat
47:42 Tomb of Relics
47:49 Tomb of Relics
48:47 Spirit Tower
48:47 Spirit Tower
48:48 Spirit Tower
» items
| Rod of Necromancy | 3 | |
| Periapt of Vitality | 3 | |
| Sacrificial Skull | 2 | |
| Potion of Lesser Invulnerability | 1 | |
| Scroll of Town Portal | 4 | |
| Staff of Teleportation | 1 | |
| Circlet of Nobility | 1 | |
| Boots of Speed | 1 | |
| Orb of Corruption | 1 | |
| Scroll of Healing | 1 | |
| Scroll of Protection | 1 | |
| Tome of Retraining | 1 | |
| Mana Stone | 8 | |
| Claws of Attack +9 | 1 | |
| Gloves of Haste | 1 | |
| Health Stone | 1 | |
| Pendant of Energy | 1 | |
32 total
TACO-TUCO (
teal | 39 APM | 2489 actions | 63:28)
9 Archmage
3 Summon Water Elemental
3 Brilliance Aura
2 Blizzard
1 Mass Teleport
» actions
| Assign group hotkey | 47 | |
| Basic commands | 31 | |
| Build / train | 87 | |
| Enter build submenu | 22 | |
| Enter hero's abilities submenu | 9 | |
| Give item / drop item | 2 | |
| Remove unit from queue | 1 | |
| Right click | 1119 | |
| Select / deselect | 314 | |
| Select group hotkey | 718 | |
| Use ability | 139 | |
2489 total
» units
| Peasant | 14 | |
| Footman | 3 | |
| Goblin Shredder | 2 | |
| Goblin Sapper | 1 | |
| Gryphon Rider | 6 | |
| Sorceress | 2 | |
| Goblin Zeppelin | 1 | |
29 total
» upgrades
| Masonry | 3 | |
| Swords | 2 | |
| Armor | 2 | |
| Animal War Training | 1 | |
| Storm Hammers | 1 | |
| Cloud | 1 | |
| Sorceress Training | 1 | |
11 total
» buildings
| Altar of Kings | 1 | |
| Barracks | 1 | |
| Farm | 14 | |
| Scout Tower | 11 | |
| Lumber Mill | 1 | |
| Arcane Tower | 1 | |
| Town Hall | 3 | |
| Arcane Vault | 2 | |
| Keep | 4 | |
| Blacksmith | 1 | |
| Guard Tower | 5 | |
| Castle | 1 | |
| Gryphon Aviary | 4 | |
| Arcane Sanctum | 1 | |
50 total
» build order
00:06 Altar of Kings
00:21 Barracks
00:38 Farm
00:51 Farm
01:35 Farm
01:41 Scout Tower
02:05 Lumber Mill
02:32 Arcane Tower
03:39 Town Hall
04:01 Arcane Vault
05:50 Keep
05:50 Keep
06:39 Scout Tower
06:40 Scout Tower
06:40 Scout Tower
06:40 Scout Tower
06:42 Scout Tower
06:42 Scout Tower
06:43 Scout Tower
06:56 Blacksmith
07:22 Guard Tower
07:47 Guard Tower
08:13 Castle
08:22 Gryphon Aviary
08:23 Gryphon Aviary
08:24 Gryphon Aviary
08:37 Gryphon Aviary
09:28 Farm
09:28 Farm
09:30 Farm
09:30 Farm
09:31 Farm
09:31 Farm
09:32 Farm
09:32 Farm
10:10 Farm
10:14 Farm
10:14 Farm
17:07 Town Hall
17:09 Scout Tower
17:10 Scout Tower
17:10 Scout Tower
18:11 Guard Tower
18:11 Guard Tower
24:05 Town Hall
28:30 Keep
28:30 Keep
28:35 Arcane Vault
31:56 Arcane Sanctum
» items
| Scroll of Regeneration | 3 | |
| Lesser Clarity Potion | 1 | |
| Mechanical Critter | 4 | |
| Scroll of Town Portal | 6 | |
| Potion of Lesser Invulnerability | 2 | |
| Staff of Teleportation | 1 | |
| Potion of Invisibility | 1 | |
| Tome of Retraining | 1 | |
| Healing Wards | 1 | |
20 total

»
Blood4oil (
red | 54 APM | 818 actions | 15:15)
4 Crypt Lord
2 Carrion Beetles
2 Spiked Carapace
2 Death Knight
1 Death Coil
1 Unholy Aura
» actions
| Assign group hotkey | 17 | |
| Basic commands | 1 | |
| Build / train | 55 | |
| Enter build submenu | 15 | |
| Enter hero's abilities submenu | 6 | |
| Right click | 278 | |
| Select / deselect | 179 | |
| Select group hotkey | 219 | |
| Use ability | 48 | |
818 total
» units
| Acolyte | 7 | |
| Ghoul | 8 | |
| Crypt Fiend | 11 | |
| Obsidian Statue | 2 | |
| Meatwagon | 1 | |
29 total
» upgrades
| Creature Attack | 2 | |
| Web | 1 | |
| Creature Carapace | 2 | |
5 total
» buildings
| Graveyard | 1 | |
| Crypt | 1 | |
| Ziggurat | 5 | |
| Altar of Darkness | 1 | |
| Nerubian Tower | 1 | |
| Tomb of Relics | 1 | |
| Spirit Tower | 2 | |
| Halls of the Dead | 1 | |
| Necropolis | 1 | |
| Slaughterhouse | 1 | |
15 total
» build order
00:11 Graveyard
00:21 Crypt
00:41 Ziggurat
01:06 Altar of Darkness
01:36 Nerubian Tower
01:50 Tomb of Relics
02:08 Ziggurat
02:48 Ziggurat
03:12 Spirit Tower
03:26 Ziggurat
04:52 Halls of the Dead
07:53 Necropolis
09:13 Slaughterhouse
09:23 Ziggurat
12:59 Spirit Tower
» items
| Rod of Necromancy | 2 | |
| Gloves of Haste | 1 | |
| Gauntlets of Ogre Strength +3 | 1 | |
| Potion of Healing | 2 | |
6 total
team 2 (winner)
Lifftd (
purple | 35 APM | 2281 actions | 64:59)
6 Naga Sea Witch
3 Forked Lightning
2 Frost Arrows
1 Tornado
3 Archmage
2 Summon Water Elemental
1 Brilliance Aura
1 Mountain King
1 Bash
» actions
| Assign group hotkey | 41 | |
| Basic commands | 58 | |
| Build / train | 117 | |
| ESC pressed | 1 | |
| Enter build submenu | 35 | |
| Enter hero's abilities submenu | 10 | |
| Remove unit from queue | 16 | |
| Right click | 765 | |
| Select / deselect | 479 | |
| Select group hotkey | 646 | |
| Use ability | 112 | |
2281 total
» units
| Peasant | 13 | |
| Rifleman | 22 | |
| Priest | 7 | |
| Mortar Team | 5 | |
| Knight | 10 | |
| Footman | 1 | |
58 total
» upgrades
| Gunpowder | 2 | |
| Armor | 2 | |
| Masonry | 1 | |
| Long Rifles | 1 | |
| Priest Training | 1 | |
7 total
» buildings
| Altar of Kings | 1 | |
| Barracks | 3 | |
| Farm | 17 | |
| Scout Tower | 6 | |
| Blacksmith | 1 | |
| Arcane Tower | 1 | |
| Lumber Mill | 1 | |
| Arcane Vault | 1 | |
| Guard Tower | 5 | |
| Keep | 1 | |
| Arcane Sanctum | 1 | |
| Workshop | 1 | |
| Town Hall | 4 | |
43 total
» build order
02:27 Altar of Kings
02:30 Barracks
02:39 Barracks
02:42 Farm
02:45 Farm
03:00 Scout Tower
03:04 Farm
03:09 Blacksmith
03:28 Barracks
03:31 Arcane Tower
03:42 Lumber Mill
03:58 Farm
03:59 Scout Tower
04:04 Arcane Vault
04:29 Farm
05:17 Farm
05:34 Farm
05:38 Farm
06:06 Guard Tower
06:09 Scout Tower
06:46 Guard Tower
09:04 Keep
10:31 Farm
11:29 Arcane Sanctum
11:35 Workshop
13:50 Farm
13:50 Farm
13:51 Farm
13:52 Farm
16:27 Farm
16:28 Farm
16:28 Farm
20:31 Town Hall
20:33 Scout Tower
20:36 Scout Tower
20:39 Scout Tower
22:03 Guard Tower
22:04 Guard Tower
23:11 Town Hall
26:32 Town Hall
29:51 Town Hall
» items
| Boots of Speed | 2 | |
| Healing Salve | 1 | |
| Lesser Clarity Potion | 2 | |
| Circlet of Nobility | 2 | |
| Scroll of Healing | 2 | |
| Scroll of Protection | 1 | |
| Scroll of Regeneration | 1 | |
| Scroll of Town Portal | 1 | |
| Potion of Healing | 1 | |
| Orb of Fire | 1 | |
| Potion of Lesser Invulnerability | 1 | |
| Periapt of Vitality | 1 | |
16 total

»
JoeyMatrix (
green | 54 APM | 1822 actions | 33:46)
6 Archmage
3 Summon Water Elemental
1 Brilliance Aura
1 Blizzard
1 Mass Teleport
» actions
| Build / train | 99 | |
| Enter build submenu | 37 | |
| Enter hero's abilities submenu | 7 | |
| Right click | 1007 | |
| Select / deselect | 585 | |
| Use ability | 87 | |
1822 total
» units
| Peasant | 24 | |
| Rifleman | 9 | |
| Mortar Team | 11 | |
| Priest | 7 | |
| Spell Breaker | 4 | |
| Sorceress | 3 | |
| Knight | 18 | |
76 total
» upgrades
| Long Rifles | 2 | |
| Sorceress Training | 1 | |
| Priest Training | 1 | |
| Animal War Training | 1 | |
5 total
» buildings
| Altar of Kings | 1 | |
| Farm | 20 | |
| Blacksmith | 1 | |
| Barracks | 1 | |
| Lumber Mill | 1 | |
| Scout Tower | 11 | |
| Arcane Vault | 1 | |
| Guard Tower | 2 | |
| Keep | 1 | |
| Town Hall | 1 | |
| Arcane Sanctum | 3 | |
| Workshop | 1 | |
| Castle | 2 | |
46 total
» build order
00:16 Altar of Kings
00:19 Farm
00:37 Blacksmith
01:17 Farm
01:37 Farm
01:39 Farm
01:43 Farm
01:58 Barracks
02:05 Farm
03:12 Farm
03:18 Lumber Mill
03:25 Scout Tower
03:35 Arcane Vault
04:15 Farm
04:17 Guard Tower
04:55 Farm
04:58 Farm
05:12 Keep
05:46 Farm
06:37 Farm
07:08 Town Hall
07:41 Arcane Sanctum
07:43 Arcane Sanctum
07:45 Workshop
07:54 Arcane Sanctum
08:04 Scout Tower
08:07 Scout Tower
08:08 Scout Tower
08:09 Scout Tower
08:10 Scout Tower
08:11 Scout Tower
08:12 Scout Tower
08:15 Scout Tower
08:21 Farm
10:04 Guard Tower
11:43 Castle
16:08 Scout Tower
17:00 Scout Tower
21:23 Farm
21:26 Farm
21:28 Farm
21:30 Farm
21:32 Farm
22:18 Farm
22:21 Farm
23:19 Castle
» items
| Scroll of Town Portal | 5 | |
| Scroll of Healing | 1 | |
6 total
niggr (
pink | 38 APM | 2491 actions | 64:56)
9 Blademaster
3 Wind Walk
3 Critical Strike
1 Bladestorm
2 Mirror Image
» actions
| Assign group hotkey | 59 | |
| Basic commands | 77 | |
| Build / train | 107 | |
| Enter build submenu | 60 | |
| Enter hero's abilities submenu | 9 | |
| Give item / drop item | 15 | |
| Remove unit from queue | 1 | |
| Right click | 1091 | |
| Select / deselect | 454 | |
| Select group hotkey | 323 | |
| Use ability | 295 | |
2491 total
» units
| Peon | 16 | |
| Grunt | 5 | |
| Goblin Shredder | 1 | |
| Goblin Sapper | 19 | |
| Goblin Zeppelin | 4 | |
| Wind Rider | 3 | |
| Troll Batrider | 7 | |
55 total
» upgrades
| Reinforced Defenses | 1 | |
| Ranged Weapons | 3 | |
| Armor | 3 | |
| Envenomed Spears | 1 | |
| Troll Regeneration | 1 | |
| Liquid Fire | 1 | |
| Ensnare | 1 | |
| Pillage | 1 | |
| Burning Oil | 1 | |
13 total
» buildings
| Orc Burrow | 6 | |
| Altar of Storms | 1 | |
| Barracks | 1 | |
| Voodoo Lounge | 2 | |
| Stronghold | 1 | |
| War Mill | 3 | |
| Great Hall | 6 | |
| Fortress | 1 | |
| Watch Tower | 46 | |
| Beastiary | 4 | |
71 total
» build order
00:12 Orc Burrow
00:31 Orc Burrow
01:02 Altar of Storms
01:04 Barracks
01:40 Voodoo Lounge
02:59 Stronghold
03:10 Voodoo Lounge
03:54 War Mill
04:16 Orc Burrow
04:57 Great Hall
05:54 Fortress
06:21 Watch Tower
06:22 Watch Tower
06:27 Watch Tower
06:42 Watch Tower
07:11 Orc Burrow
08:45 Watch Tower
08:46 Watch Tower
08:47 Watch Tower
08:48 Watch Tower
08:51 Watch Tower
08:52 Watch Tower
10:55 Beastiary
10:56 Beastiary
10:58 Beastiary
11:00 Beastiary
11:04 War Mill
16:54 Orc Burrow
16:55 Orc Burrow
17:00 Watch Tower
17:01 Watch Tower
17:01 Watch Tower
17:02 Watch Tower
17:03 Watch Tower
17:03 Watch Tower
17:03 Watch Tower
17:04 Watch Tower
17:04 Watch Tower
18:05 Watch Tower
18:06 Watch Tower
18:06 Watch Tower
18:15 Watch Tower
18:16 Watch Tower
18:18 Watch Tower
18:19 Watch Tower
18:21 Watch Tower
25:59 Great Hall
26:02 Watch Tower
26:02 Watch Tower
26:03 Watch Tower
26:03 Watch Tower
26:04 Watch Tower
26:05 Watch Tower
26:05 Watch Tower
26:06 Watch Tower
27:05 Great Hall
27:06 Watch Tower
27:07 Watch Tower
27:07 Watch Tower
27:20 Watch Tower
27:20 Watch Tower
27:21 Watch Tower
27:22 Watch Tower
27:23 Watch Tower
27:23 Watch Tower
27:29 Watch Tower
38:10 Great Hall
39:10 Great Hall
49:28 Great Hall
62:28 War Mill
» items
| Healing Salve | 5 | |
| Gloves of Haste | 6 | |
| Claws of Attack +9 | 1 | |
| Potion of Healing | 3 | |
| Lesser Clarity Potion | 2 | |
| Scroll of Town Portal | 1 | |
| Orb of Lightning | 1 | |
| Periapt of Vitality | 1 | |
| Potion of Mana | 1 | |
| Scroll of Healing | 1 | |
| Potion of Lesser Invulnerability | 1 | |
| Potion of Greater Healing | 1 | |
24 total
Durty (
orange | 139 APM | 1459 actions | 10:30)
3 Mountain King
2 Storm Bolt
1 Bash
» actions
| Assign group hotkey | 13 | |
| Basic commands | 10 | |
| Build / train | 40 | |
| Enter build submenu | 18 | |
| Enter hero's abilities submenu | 3 | |
| Give item / drop item | 1 | |
| Right click | 755 | |
| Select / deselect | 186 | |
| Select group hotkey | 396 | |
| Use ability | 37 | |
1459 total
» units
» upgrades
» buildings
| Altar of Kings | 1 | |
| Farm | 8 | |
| Blacksmith | 1 | |
| Barracks | 2 | |
| Scout Tower | 3 | |
| Arcane Tower | 1 | |
| Arcane Vault | 1 | |
| Keep | 2 | |
| Lumber Mill | 1 | |
| Guard Tower | 4 | |
24 total
» build order
00:04 Altar of Kings
00:05 Farm
00:38 Blacksmith
00:42 Farm
01:42 Barracks
01:56 Scout Tower
02:21 Farm
02:23 Farm
02:26 Arcane Tower
02:32 Barracks
03:07 Farm
03:25 Arcane Vault
03:54 Farm
05:24 Keep
05:24 Keep
05:42 Scout Tower
05:43 Scout Tower
06:14 Lumber Mill
06:21 Farm
07:08 Farm
07:16 Guard Tower
07:16 Guard Tower
07:17 Guard Tower
» items
| Scroll of Regeneration | 2 | |
| Claws of Attack +6 | 1 | |
| Boots of Speed | 1 | |
| Potion of Healing | 2 | |
6 total
Chat log
(01:36 / All) niggr: worst thing about war3 is the build up every game
(01:47 / All) nagr: not having it is even gayer
(01:54 / All) nagr: like in sc2 they removed most the buildup time
(01:59 / All) nagr: so now games are even more samey
(02:07 / All) nagr: you start with like 14 workers
(02:15 / All) nagr: so most cheese and rushes are no longer viable
(02:23 / All) nagr: even gayer than having buildup time
(04:56 / Allies) TACO-TUCO: 100 woood
(08:45 / Allies) ancientsHadNoTP: coming yellow
(08:47 / Allies) ancientsHadNoTP: i hjave ward
(10:34 / All) nagr: RAPED
(10:34 / All) niggr: lol what a bitch
(11:13 / Allies) ancientsHadNoTP: yellow
(11:17 / Allies) nagr: yeah
(11:18 / Allies) ancientsHadNoTP: how soon before my orb is ready?
(11:24 / Allies) nagr: shut the fuck up iot's mine
(11:27 / Allies) nagr: you fucking faggot
(11:35 / Allies) nagr: so go the fuck away
(11:39 / Allies) nagr: blue tk
(11:40 / Allies) nagr: kill blue
(11:46 / Allies) Blood4oil: wtf
(11:54 / Allies) nagr: blue tk
(12:10 / Allies) Blood4oil: blue wtf
(12:38 / Allies) nagr: eat my shit faggot
(13:03 / Allies) nagr: fucking retard
(13:25 / Allies) nagr: you aren't ever getting an orb
(13:28 / Allies) nagr: you fucking nigger
(13:48 / Allies) nagr: help teal
(13:51 / Allies) nagr: idiot
(15:02 / Allies) nagr: fucking moron noob elf lol
(15:05 / Allies) nagr: fail tker
(16:36 / Allies) nagr: wood me
(16:43 / Allies) nagr: I'm low on wood from retard wrangling jake lawl
(16:43 / Allies) nagr: ty
(18:47 / Allies) nagr: wood me pls
(19:13 / Allies) nagr: fuckign blue
(19:18 / Allies) nagr: I thought you killed this rteard
(19:19 / Allies) nagr: what the fuck
(21:21 / All) niggr: you came to the wrong neighborhood
(21:22 / All) niggr: motherfucker
(26:38 / Allies) nagr: is that u using red
(26:39 / Allies) nagr: or blue
(26:52 / Allies) nagr: answer
(26:53 / Allies) TACO-TUCO: not me
(27:34 / All) TACO-TUCO: out purple
(29:14 / All) nagr: suck my dick green
(29:24 / All) TACO-TUCO: we just 2v4 you green
(29:31 / All) JoeyMatrix: 2v4?
(29:35 / All) nagr: EAT SHIT LOl
(29:41 / All) nagr: 2v4 easy son
(29:42 / All) TACO-TUCO: i didnt stutter bitach
(29:46 / All) JoeyMatrix: yea i had 2 u had 4
(29:52 / All) nagr: LOL
(29:53 / All) nagr: Blue was a tker
(29:54 / All) JoeyMatrix: oj left and pink sits on 3 k gold
(29:55 / All) nagr: we killed him
(29:58 / All) nagr: it was me and teal all game
(29:58 / All) TACO-TUCO: u purple oj and pink are 4, me yellow are 2
(30:09 / Allies) nagr: gold me a little
(30:11 / Allies) nagr: teal
(30:19 / Allies) nagr: ty
(30:49 / Allies) nagr: tp
(31:01 / All) nagr: OUT
(31:02 / All) nagr: EASY SON
(31:03 / All) TACO-TUCO: out purple
(31:04 / All) TACO-TUCO: out
(31:06 / All) TACO-TUCO: 2v4
(31:17 / All) JoeyMatrix: 4k gold now
(31:22 / All) JoeyMatrix: wont send any to oj
(31:27 / All) JoeyMatrix: so i can build things
(31:28 / All) TACO-TUCO: i had like 10k gold
(31:28 / All) JoeyMatrix: lol
(31:30 / All) TACO-TUCO: so quit whining
(31:46 / All) niggr: damn they were naturally spread lol
(32:44 / All) nagr: OUT
(32:45 / All) nagr: LOL
(33:44 / All) JoeyMatrix: good luck pink good thing u have 5k gold and nothing to show for it lol 2v4 VS me and purp stop lying
(33:58 / All) TACO-TUCO: lawl
(33:59 / All) niggr: lol
(34:05 / All) TACO-TUCO: that was a sympathy leave
(34:29 / Allies) nagr: having as much fun as i am purp?
(34:35 / Allies) nagr: or blue or whoever you were
(34:48 / All) nagr: bot mid expo
(34:50 / All) nagr: retardation
(34:51 / All) nagr: kill it
(34:56 / All) nagr: ty
(37:20 / All) niggr: if green didn't leave he'd be really mad at my gold count right now
(39:08 / Allies) nagr: out
(41:23 / All) nagr: out
(41:28 / All) nagr: I'll pause so you can leave
(41:30 / All) Lifftd: you lose
(41:30 / All) nagr: LOL
(41:32 / All) nagr: you lose
(41:32 / All) nagr: BUDDY
(41:33 / All) Lifftd: you lose
(43:36 / All) TACO-TUCO: k giving blue control
(43:38 / All) TACO-TUCO: of my hero
(43:40 / All) TACO-TUCO: go ahead blue
(43:40 / All) nagr: what the fuck
(43:46 / All) Lifftd: good game
(43:48 / All) Lifftd: ez
(43:48 / All) TACO-TUCO: i mean it playfully
(43:53 / All) nagr: you're ez purp LOL
(44:17 / All) Lifftd: just leave noobs
(44:19 / All) TACO-TUCO: what
(44:47 / All) nagr: You're 112-109 lol purp
(44:51 / All) nagr: biggest noob here along with blue
(45:00 / All) TACO-TUCO: better tp another time
(45:01 / All) TACO-TUCO: blue
(45:03 / All) TACO-TUCO: hes coming
(45:06 / All) TACO-TUCO: wow
(45:08 / All) TACO-TUCO: really
(45:20 / All) TACO-TUCO: u cant keep ana rchamge alive for 1 min
(45:32 / All) Lifftd: gg
(45:34 / All) nagr: out
(45:35 / All) Lifftd: ez
(45:38 / All) nagr: you're ez son
(45:40 / All) nagr: I rape you all game
(45:40 / All) niggr: didn't bladestorm use to attack air sometimes
(45:41 / All) Lifftd: just leave guys
(45:43 / All) nagr: I rape you any game all day
(48:01 / All) nagr: standoff
(48:02 / All) nagr: ?
(48:03 / All) nagr: what are we doing
(48:13 / All) nagr: do you think purp will stay
(48:17 / All) nagr: I don't want to risk blue getting a win
(48:21 / All) nagr: instantly
(49:12 / All) nagr: ???
(49:58 / All) nagr: Listen up purp and blue
(50:03 / All) nagr: me, pink and teal were in this from the start
(50:06 / All) nagr: we're gonna kill everything
(50:09 / All) nagr: Including our own unis
(50:13 / All) nagr: and you'll have no way to finish each other
(50:20 / All) nagr: will you both leave your pcs on all day for the win?
(50:22 / All) Lifftd: NOOOO
(50:29 / All) nagr: Purp you can leave now and get a tie
(50:33 / All) nagr: or stay and duke it out with blue all night
(50:37 / All) Lifftd: there is no tie
(50:44 / All) nagr: so you're staying for standoff?
(50:50 / All) Lifftd: nah
(50:55 / All) nagr: so what then
(51:02 / All) Lifftd: i duno
(51:06 / All) Lifftd: brb one sec
(51:40 / All) nagr: Purp there's no third option
(51:44 / All) nagr: Leave now or stay in standoff
(52:10 / All) niggr: look at that
(52:10 / All) niggr: LOL
(52:19 / All) nagr: that's insane lawl
(52:24 / All) nagr: well
(52:27 / All) nagr: you only got one actually
(52:37 / All) niggr: low hit poomt
(52:47 / All) nagr: aight then purp
(52:55 / All) nagr: if you won't standoff or leave now and wanna work against us
(52:58 / All) nagr: you can lose outright instead
(53:59 / All) niggr: that's fucking crazy
(54:13 / All) niggr: wonder what kind of attack 6 gloves is
(54:27 / All) nagr: Purp you here?
(54:57 / All) niggr: oh I had 3 grunts eating up cap space all game
(54:59 / All) niggr: didn't realize it
(55:02 / All) niggr: didn't seem right
(56:16 / All) nagr: You lose purp
(56:17 / All) nagr: out
(56:33 / All) niggr: I MUST HAVE CALLEDA THOSAUNT TIME
(56:40 / All) Lifftd: TO TELL YOU
(56:45 / All) niggr: IM SORRY
(56:49 / All) Lifftd: FOR BREAKING
(56:53 / All) nagr: You lose purp
(56:53 / All) niggr: UR HEART
(56:54 / All) nagr: ez son
(57:17 / All) niggr: look this attack
(57:22 / All) niggr: need another glove
(57:39 / All) niggr: 6 gloves
(57:43 / All) niggr: watch this attack speed
(57:47 / All) nagr: Purp leave now you get a tie
(57:49 / All) nagr: stay you get al oss
(57:59 / All) Lifftd: no such thing as a tie
(58:02 / All) niggr: yeah
(58:03 / All) Lifftd: i fight to the death
(58:05 / All) niggr: you don't get loss on your record
(58:09 / All) niggr: it'll be like you never played
(58:11 / All) Lifftd: oh really
(58:11 / All) nagr: you aren't fighting you're taking it up the ass right now
(58:14 / All) Lifftd: duurr
(58:19 / All) niggr: it's for when
(58:21 / All) niggr: you drop out
(58:23 / All) niggr: and your team wins
(58:31 / All) Lifftd: ya free wins
(58:39 / All) niggr: you don't get hte win
(58:40 / All) niggr: but you don
(58:44 / All) niggr: 't get a loss either
(58:54 / All) nagr: stay you get a loss
(58:57 / All) nagr: Leave you get a tie
(59:01 / All) nagr: and stop wasting our time and yours
(59:05 / All) niggr: but I'd rather have HPs
(59:07 / All) Lifftd: does that trick still worth?
(59:28 / All) Lifftd: all nighter boys?
(59:31 / All) niggr: that's how bnet is designed
(59:57 / All) TACO-TUCO: what fast attack, the lich?
(60:02 / All) niggr: my blade master
(60:05 / All) niggr: 6 gloves
(60:14 / All) TACO-TUCO: let me see
(60:18 / All) Lifftd: sissy attack speed
(60:27 / All) nagr: Purp is easy sissy
(60:29 / All) nagr: I rape him every game
(60:47 / All) Lifftd: just leave
(60:55 / All) nagr: LOL what the fuck
(61:08 / All) TACO-TUCO: ya
(61:15 / All) nagr: Purp just leave you lose faggot
(61:18 / All) niggr: watch
(61:32 / All) Lifftd: sissy attack speed
(61:36 / All) Lifftd: better of with claws
(61:52 / All) TACO-TUCO: crits aint even 200
(61:56 / All) niggr: lel
(61:58 / All) niggr: it's so vulnerable
(62:02 / All) Lifftd: you hit like a pre bucesent boy
(62:55 / All) TACO-TUCO: gonna eat lunch...............and purple's sister
(62:58 / All) niggr: great for killing ally buildings
(63:13 / All) Lifftd: gonna make esome spaghetti quick
(63:17 / All) Lifftd: no sauce cause im broke
(63:19 / All) Lifftd: and high
(63:22 / All) Lifftd: paranoid
(63:23 / All) nagr: you're retarded
(63:32 / All) niggr: are you using filtered water
(63:37 / All) Lifftd: no tap water
(63:44 / All) niggr: HA-HA!
(63:53 / All) niggr: You got NWO brain spies
(63:57 / All) niggr: toxoplasmosis
(64:02 / All) Lifftd: im canadian
(64:17 / All) nagr: ouch I'm sorry
(64:25 / All) nagr: I'm unlucky enough to be canadian too
(64:29 / All) nagr: gonna move to the states if trump wins
(64:35 / All) Lifftd: lol
(64:41 / All) nagr: Well good luck in the standoff you fucking faggot
(64:54 / All) niggr: see ya around